 Dungeon Crawl Stone Soup version 0.21.1-1-g345015f (webtiles) character file.

3980 Inarius the Grappler (level 10, -2/80 HPs)
             Began as a Ghoul Gladiator on Feb 27, 2018.
             Killed by divine providence
             ... invoked by an orc priest
              (14 damage)
             ... on level 9 of the Dungeon.
             The game lasted 00:22:48 (6913 turns).

Inarius the Grappler (Ghoul Gladiator)              Turns: 6913, Time: 00:22:49

Health: -2/80      AC: 14    Str: 20      XL:     10   Next: 22%
Magic:  9/9        EV:  8    Int:  4      God:    Xom [....*.]
Gold:   493        SH:  0    Dex: 12 (13) Spells: 9/9 levels left

rFire    . . .     SeeInvis .     - Unarmed
rCold    + . .     Gourm    .   (no shield)
rNeg     + + +     Faith    .   C - +0 plate armour
rPois    ∞         Spirit   .   b - +0 helmet
rElec    .         Reflect  .   (no cloak)
rCorr    .         Harm     .   (no gloves)
MR       .....                  (no boots)
Stlth    ..........             (no amulet)
HPRegen  0.00/turn              t - +2 ring of dexterity
MPRegen  0.11/turn              (no ring)

@: rotting
A: rotting body, claws 1, carnivore, cold resistance 1, negative energy
resistance 3, inhibited regeneration, torment resistance, unbreathing
a: Renounce Religion


You were on level 9 of the Dungeon.
You worshipped Xom.
You were a beloved toy of Xom.
You were not hungry.

You visited 2 branches of the dungeon, and saw 10 of its levels.
You also visited: Ossuary.

You collected 493 gold pieces.

Inventory:

Missiles
 c - 2 throwing nets (quivered)
Armour
 b - a +0 helmet (worn)
 l - a +0 large shield
 C - a +0 plate armour (worn)
Jewellery
 t - a +2 ring of dexterity (left claw)
 A - an uncursed ring of wizardry
Wands
 r - a wand of polymorph (53)
 D - a wand of random effects (23)
Scrolls
 a - a scroll of noise
 f - 4 scrolls of immolation
 g - a scroll of magic mapping {unknown}
 h - 5 scrolls of enchant armour
 k - a scroll of fog
 q - 4 scrolls of teleportation
 u - 3 scrolls of remove curse
 v - a scroll of enchant weapon
 y - a scroll of vulnerability {unknown}
 B - 5 scrolls of identify
Potions
 e - 2 potions of invisibility {unknown}
 i - 2 potions of haste
 j - 3 potions of curing
 m - a potion of magic
 n - 2 potions of resistance
 o - a potion of heal wounds
 p - 2 potions of agility {unknown}
 s - a potion of degeneration {unknown}
 w - 2 potions of flight
 x - 4 potions of lignification {unknown}
 z - a potion of might {unknown}
 E - 2 potions of brilliance {unknown}
Comestibles
 d - 16 rations


   Skills:
 + Level 4.3 Fighting
 - Level 1.8 Throwing
 + Level 6.2 Armour
 + Level 4.2 Dodging
 * Level 3.1 Shields
 + Level 12.1 Unarmed Combat
 + Level 0.5 Evocations


You had 9 spell levels left.
You didn't know any spells.

Dungeon Overview and Level Annotations

Branches:
Dungeon (9/15)             Temple (1/1) D:5
   Lair: D:8-11         Orc: D:9-12

Altars:
Ashenzari
Fedhas
Gozag
Makhleb
Nemelex Xobeh
Okawaru
Qazlal
Ru
Sif Muna
Uskayaw
Wu Jian
Xom
Zin
The Shining One
Jiyva

Annotations:
D:3 bmj180's ghost, amateur HaFi
D:8 shakethe's ghost, novice DECj


Innate Abilities, Weirdness & Mutations

Your body is rotting away.
You thrive on raw meat.
You are immune to poison.
You have sharp fingernails.
You are carnivorous and can eat meat at any time.
Your flesh is cold resistant. (rC+)
You are immune to negative energy. (rN+++)
You do not regenerate when monsters are visible.
You are immune to unholy pain and torment.
You can survive without breathing.


Message History

The orc hits your mace but does no damage.
You float gracefully downwards.
Your mace hits the orc!!
The orc dies!
Your mace hits the orc warrior!
The orc warrior hits your mace with a trident.
Your mace closely misses the orc warrior.
Your mace closely misses the orc warrior.
The orc priest looks satisfied for a moment.
The orc warrior closely misses your mace.
Your mace completely misses the orc warrior.
The orc warrior hits your mace with a trident!
Your mace hits the orc warrior.
The orc priest hits your mace but does no damage.
The orc warrior closely misses your mace.
Your mace hits the orc warrior!
The orc warrior dies!
The orc priest completely misses your mace.
The orc priest calls down the wrath of Beogh upon you.
Beogh smites you!
You die... oo.o.

#.##.......####
ooo.o##o##..........#
#o......##....#
#.#####.##....# #.#
#.# ..# #.#####...
#(........
#.#####.#.# #@# #.#.#
#.# #<# ###


You could see an orc priest, an orc and a friendly mace.

Vanquished Creatures
  Erica (D:8)
  A human (D:7)
  4 hogs (D:7)
  A hungry ghost (D:8)
  Duvessa (D:6)
  An orc warrior (D:9)
  2 ice beasts
  A phantom (D:7)
  4 bullfrogs
  3 water moccasin zombies (Ossuary)
  Dowan (D:6)
  3 killer bees
  A howler monkey (D:6)
  2 crimson imps
  A quasit (D:9)
  3 hounds
  5 orc priests
  5 orc wizards
  A bullfrog skeleton (D:6)
  A worker ant (D:5)
  A big kobold zombie (Ossuary)
  2 mummies (Ossuary)
  A worker ant zombie (D:7)
  A howler monkey zombie (D:6)
  A howler monkey skeleton (D:6)
  6 gnolls
  5 adders
  A shadow imp (D:7)
  7 adder zombies
  A worm (D:2)
  3 dart slugs
  A leopard gecko (D:1)
  38 orcs
  3 bats
  8 giant cockroaches
  5 goblins
  6 hobgoblins
  4 jackals
  8 quokkas
  A gnoll zombie (Ossuary)
  4 hobgoblin zombies (Ossuary)
  A jackal zombie (D:8)
  5 kobolds
  8 kobold zombies (Ossuary)
  2 leopard gecko skeletons
  3 orc zombies (Ossuary)
  2 quokka zombies
  3 rats
173 creatures vanquished.

Vanquished Creatures (collateral kills)
  Pikel (D:6)
  2 orc warriors (D:9)
  12 orcs
15 creatures vanquished.

Vanquished Creatures (others)
  Sigmund (D:6)
1 creature vanquished.

Grand Total: 189 creatures vanquished

Notes
Turn   | Place    | Note
-------+----------+-------------------------------------------
     0 | D:1      | Inarius the Ghoul Gladiator began the quest for the Orb.
     0 | D:1      | Reached XP level 1. HP: 17/17 MP: 0/0
   153 | D:1      | Reached XP level 2. HP: 25/25 MP: 1/1
   634 | D:2      | Found an ornate altar of the Wu Jian Council.
   756 | D:2      | Reached XP level 3. HP: 18/30 MP: 2/2
   929 | D:2      | Reached skill level 4 in Unarmed Combat
  1115 | D:3      | Noticed bmj180's ghost (amateur HaFi)
  1264 | D:3      | Reached skill level 1 in Armour
  1268 | D:3      | Reached XP level 4. HP: 23/36 MP: 3/3
  1687 | D:3      | Found a glowing golden altar of the Shining One.
  2028 | D:4      | Reached XP level 5. HP: 37/44 MP: 4/4
  2081 | D:4      | Reached skill level 5 in Unarmed Combat
  2286 | D:4      | Reached XP level 6. HP: 51/51 MP: 5/5
  2305 | D:4      | Found a glowing silver altar of Zin.
  2454 | D:4      | Found a burning altar of Makhleb.
  2458 | D:4      | Found an iron altar of Okawaru.
  2526 | D:5      | Entered Level 5 of the Dungeon
  2673 | D:5      | Found a deep blue altar of Sif Muna.
  2673 | D:5      | Found a blossoming altar of Fedhas.
  2696 | D:5      | Noticed an ice beast
  2697 | D:5      | Found a staircase to the Ecumenical Temple.
  2749 | D:5      | Killed an ice beast
  2749 | D:5      | Reached skill level 6 in Unarmed Combat
  2749 | D:5      | Reached XP level 7. HP: 39/57 MP: 6/6
  2756 | Temple   | Entered the Ecumenical Temple
  2771 | Temple   | Became a worshipper of Xom of Chaos
  3208 | D:6      | XOM: harmless Air miscast
  3227 | D:6      | Noticed Dowan
  3240 | D:6      | Killed Dowan
  3288 | D:6      | XOM: harmless Necr miscast
  3295 | D:6      | Reached skill level 7 in Unarmed Combat
  3300 | D:6      | Noticed Duvessa
  3302 | D:6      | XOM: divination: magic mapping
  3303 | D:6      | XOM: divination: detect creatures
  3308 | D:6      | XOM: summons friendly crimson imp
  3316 | D:6      | Killed Duvessa
  3473 | D:6      | Found a sand-covered staircase.
  3483 | D:6      | XOM: 6-stop teleportation journey
  3510 | Ossuary  | Entered an ossuary
  3536 | Ossuary  | Reached XP level 8. HP: 47/63 MP: 7/7
  3671 | Ossuary  | Reached skill level 8 in Unarmed Combat
  3678 | Ossuary  | XOM: scenery: 1 doors open, 1 doors close
  3813 | Ossuary  | XOM: god gift: 2 silver javelins
  4090 | D:6      | Noticed Pikel
  4094 | D:6      | XOM: potion effect (agility)
  4095 | D:6      | XOM: fog
  4100 | D:6      | XOM: summons 2 friendly demons
  4106 | D:6      | XOM: cleaving
  4107 | D:6      | XOM: enchant monster (good)
  4113 | D:6      | Killed Pikel
  4113 | D:6      | Reached skill level 9 in Unarmed Combat
  4265 | D:6      | Killed Sigmund
  4587 | D:3      | XOM is BORED!
  4587 | D:3      | XOM: medium Hex miscast
  4656 | D:6      | Reached skill level 10 in Unarmed Combat
  4659 | D:6      | XOM: divination: detect items
  4662 | D:6      | Reached XP level 9. HP: 54/70 MP: 8/8
  4773 | D:7      | Reached skill level 5 in Armour
  4916 | D:7      | Found a stormy altar of Qazlal.
  5019 | D:7      | Reached skill level 1 in Shields
  5019 | D:7      | XOM: fog
  5029 | D:7      | XOM: confusion (+ monsters)
  5036 | D:7      | XOM: cast spell 'Ring of Flames'
  5039 | D:7      | Reached skill level 11 in Unarmed Combat
  5362 | D:7      | XOM: cast spell 'Discord'
  5470 | D:7      | XOM: god gift: plate armour {god gift}
  5492 | D:7      | Found a hide-covered altar of Uskayaw.
  5746 | D:7      | XOM: silly message
  5854 | D:8      | XOM: polymorph adder -> giant cockroach
  5898 | D:8      | Found a shattered altar of Ashenzari.
  6038 | D:8      | XOM: blink monster(s)
  6089 | D:8      | Noticed shakethe's ghost (novice DECj)
  6103 | D:8      | Noticed Erica
  6177 | D:8      | XOM: god gift: runed falchion {god gift}
  6195 | D:8      | Killed Erica
  6195 | D:8      | Reached XP level 10. HP: 65/80 MP: 9/9
  6408 | D:8      | XOM: harmless Summ miscast
  6543 | D:8      | XOM: summons 4 hostile shadow creatures
  6558 | D:8      | XOM: scenery: create altars
  6572 | D:8      | XOM: scenery: create altars
  6657 | D:8      | Found a sparkling altar of Nemelex Xobeh.
  6668 | D:8      | XOM: scenery: 3 doors open
  6709 | D:8      | Found a sacrificial altar of Ru.
  6840 | D:9      | XOM: cast spell 'Disjunction'
  6847 | D:9      | Reached skill level 12 in Unarmed Combat
  6852 | D:9      | XOM: scenery: 1 doors open
  6864 | D:9      | XOM: summons friendly white imp
  6913 | D:9      | Killed from afar by an orc priest

Skill      XL: |  1  2  3  4  5  6  7  8  9 10 |
---------------+-------------------------------+-----
Dodging        | 3 4 |  4.2
Unarmed Combat | 4 5 6 7 10 11 12 | 12.1
Armour         | 1 2 3 4 6 |  6.2
Fighting       | 3 4 |  4.3
Shields        | 3 |  3.1
Throwing       | |  1.8
Evocations     | |  0.5

Action                   |  1- 3 |  4- 6 |  7- 9 | 10-12 || total
-------------------------+-------+-------+-------+-------++-------
Melee: Unarmed           |   111 |   129 |   424 |    50 ||   714
       Punch             |       |     2 |    14 |     2 ||    18
Throw: Throwing net      |       |       |     3 |       ||     3
       Javelin           |       |       |     2 |       ||     2
Evoke: Wand              |       |       |     6 |       ||     6
  Use: Potion            |       |     2 |     2 |     2 ||     6
       Scroll            |       |     9 |     5 |     3 ||    17
 Stab: Held in net/web   |       |       |     1 |       ||     1
  Eat: Chunk             |     5 |    10 |    36 |     6 ||    57
Armor: Leather armour    |    18 |       |       |       ||    18
       Scale mail        |    23 |     2 |       |       ||    25
       Chain mail        |       |    54 |   143 |       ||   197
       Plate armour      |       |       |    26 |    27 ||    53
Dodge: Dodged            |    85 |    45 |   141 |    21 ||   292
